 Dungeon Crawl Stone Soup version 0.32-a0-975-g85d4e5bfdb (webtiles) character file.

Game seed: 9154937432400231942

65 Maxmaps the Cudgeller (level 4, -8/41 HPs)
             Began as an Oni Shapeshifter on Apr 18, 2024.
             Shot with a sling bullet by an iron imp (14 damage)
             ... on level 3 of the Dungeon.
             The game lasted 00:01:05 (1278 turns).

Maxmaps the Cudgeller (Oni Shapeshifter)            Turns: 1278, Time: 00:01:06

Health: -8/41      AC:  3    Str: 18    XL:     4   Next: 14%
Magic:  4/4        EV:  8    Int: 13    God:
Gold:   117        SH:  0    Dex:  8    Spells: 3/3 levels left

rFire   . . .        q - +0 great mace
rCold   . . .        (shield currently unavailable)
rNeg    . . .        a - +0 animal skin
rPois   .            (helmet currently unavailable)
rElec   .            (cloak currently unavailable)
rCorr   .            (gloves unavailable)
SInv    .            (boots unavailable)
Will    .....        (no amulet)
Stlth   +            (no ring)
HPRegen 0.26/turn    (no ring)
MPRegen 0.09/turn

%: no passive effects
@: beast-form
A: beast (slay +1), large, unfitting armour, horns 1, tough skin 1, double
potion healing, drunken brawling
a: Begin Untransformation


You were on level 3 of the Dungeon.
You were a hulking beast.
You visited 1 branch of the dungeon, and saw 3 of its levels.

You collected 117 gold pieces.

Inventory:

Hand Weapons
 e - a +0 spectral quarterstaff
 q - a +0 great mace (weapon)
Armour
 a - a +0 animal skin (worn)
Talismans
 c - a beast talisman (active)
 d - a flux talisman
Scrolls
 g - a scroll of fog {unknown}
 h - 2 scrolls of amnesia {unknown}
 i - 4 scrolls of identify {unknown}
 j - a scroll of noise {unknown}
 k - a scroll of teleportation {unknown}
 l - a scroll of enchant weapon {unknown}
 o - a scroll of revelation {unknown}
Potions
 b - a potion of lignification
 f - 4 potions of haste {unknown}
 m - 2 potions of cancellation {unknown}
 n - 3 potions of curing {unknown}
 p - a potion of mutation {unknown}


   Skills:
 - Level 1.3 Fighting
 + Level 3.4(3.5) Maces & Flails
 - Level 0.8(2.3) Staves
 - Level 1.7 Dodging
 - Level 2.6 Unarmed Combat
 - Level 3.0 Shapeshifting


You had 3 spell levels left.
You didn't know any spells.
Your spell library contained the following spells:

 Spells                   Type           Power      Damage    Failure   Level
 Conjure Ball Lightning   Conj/Air       0%         3x3d6     100%        6
 Death Channel            Necr           0%         N/A       100%        6
 Sculpt Simulacrum        Ice/Alch       0%         N/A       100%        6
 Rimeblight               Ice/Necr       0%         2d3       (prima100%   7
 Discord                  Hex            0%         N/A       100%        8
 Disjunction              Tloc           0%         N/A       100%        8


Dungeon Overview and Level Annotations

Branches:
Dungeon (3/15)

Altars:
Makhleb


Innate Abilities, Weirdness & Mutations

You are a hulking beast.
Your limbs bulge with bestial killing power. (Slay +1)
You are too large for most types of armour.
You have a pair of small horns on your head.
You have tough skin. (AC +1)
You gain doubled healing and magic from potions.
Whenever you drink a healing potion, you attack all around you.


Message History

You kill the giant cockroach!
You see here a giant cockroach corpse.
Key pressed, stopping explore.
No target in view!
Found a stone staircase leading down.
No target in view!
Found a short sword.
No target in view!
An iron imp comes into view. It is wielding a -2 sling.
Found 2 javelins.
The iron imp shouts!
No reachable target in view!
No reachable target in view!
An iron imp is nearby!
No reachable target in view!
An iron imp is nearby!
An iron imp is nearby!
No reachable target in view!
No reachable target in view!
Found a scroll labelled MIKKIO TESCHEDI.
Found a burning altar of Makhleb.
The iron imp shoots a sling bullet.
The sling bullet closely misses you.
You now have 117 gold pieces (gained 8).
There are no items here.
The iron imp shoots a sling bullet.
The sling bullet barely misses you.
The iron imp shoots a sling bullet.
The sling bullet closely misses you.
The iron imp shoots a sling bullet.
The sling bullet barely misses you.
The iron imp shoots a sling bullet.
The sling bullet closely misses you.
The iron imp shoots a sling bullet.
The sling bullet hits you.
The iron imp shoots a sling bullet.
The sling bullet hits you!
The iron imp shoots a sling bullet.
The sling bullet barely misses you.
The iron imp shoots a sling bullet.
The sling bullet hits you.
The iron imp shoots a sling bullet.
The sling bullet barely misses you.
The iron imp shoots a sling bullet.
The sling bullet barely misses you.
The iron imp shoots a sling bullet.
The sling bullet hits you!
The iron imp shoots a sling bullet.
The sling bullet barely misses you.
The iron imp shoots a sling bullet.
The sling bullet hits you!
* * * LOW HITPOINT WARNING * * *
The iron imp shoots a sling bullet.
The sling bullet hits you!
You die...

# ### #######.#
........######################
#######......................# #
######################.# ## #.#
.# ###################.# .#
........h..#.........# .#
#.≈≈.......≈≈.#.######### .#
###.≈§..._?..≈≈.#.#
.###.#.≈≈.....(.≈≈.#.#
..†..#..≈≈...5.≈≈..#.#
.###.#...§≈≈§§≈≈...#.#
.#...#)...≈≈ߧ§....#.###
##.###......≈......#...#
#.#.#.............###.##########


You could see an iron imp.

Vanquished Creatures
  A jelly (D:3)
  An adder (D:2)
  2 endoplasms
  3 giant cockroaches
  3 goblins
  5 hobgoblins
  A quokka (D:2)
  2 ball pythons
  A bat (D:1)
  A frilled lizard (D:2)
  A kobold (D:2)
  6 rats
27 creatures vanquished.

Notes
Turn   | Place    | Note
-------+----------+-------------------------------------------
     0 | D:1      | Maxmaps the Oni Shapeshifter began the quest for the Orb.
     0 | D:1      | Reached XP level 1. HP: 19/19 MP: 1/1
   203 | D:1      | Reached skill level 1 in Maces & Flails
   361 | D:1      | Reached XP level 2. HP: 27/27 MP: 2/2
   557 | D:2      | Found a faded altar of an unknown god.
   680 | D:2      | Reached XP level 3. HP: 33/33 MP: 3/3
   907 | D:3      | Reached XP level 4. HP: 27/41 MP: 4/4
  1255 | D:3      | Found a burning altar of Makhleb.
  1278 | D:3      | Shot with a sling bullet by an iron imp

Illustrated notes

Levels and vault maps discovered:
D:1:      minmay_arrival_semitransparent, layout_rooms, minmay_crystal_room,
          minmay_door_square, minmay_misc_feat_diagonals
D:2:      layout_rooms, hellmonk_ecumenical_altar_pennies_from_heaven
D:3:      layout_basic, nzn_wu_jian_council_hall, demons_altar

Skill      XL: |  1  2  3 |
---------------+----------+-----
Maces & Flails | 1 2 3 |  3.4
Fighting       | |  1.3
Staves         | |  0.8
Dodging        | |  1.7
Unarmed Combat | |  2.6
Shapeshifting  | |  3.0

Action                     |  1- 3 |  4- 6 || total
---------------------------+-------+-------++-------
  Melee: Quarterstaff      |    30 |     1 ||    31
         Unarmed           |     4 |       ||     4
         Headbutt          |     3 |     2 ||     5
         Great mace        |       |    12 ||    12
 Armour: Animal skin       |    17 |    12 ||    29
  Dodge: Dodged            |    13 |    18 ||    31

Table legend: (Time is in decaauts)
 A = Elapsed time spent in this place.
 B = Non-inter-level travel time spent in this place.
 C = Inter-level travel time spent in this place.
 D = Time resting spent in this place.
 E = Time spent auto-exploring this place.
 F = Levels seen in this place.
 G = Mean time per level.
                   A        B        C        D        E       F      G
               +--------+--------+--------+--------+--------+-----+--------+
         Total |   1289 |   1255 |     34 |      0 |   1041 |   3 |  429.7 |
       Dungeon |   1289 |   1255 |     34 |      0 |   1041 |   3 |  429.7 |
               +--------+--------+--------+--------+--------+-----+--------+

Top non-repeatable levels by time:
     D:3: 486 daAuts
     D:1: 431 daAuts
     D:2: 372 daAuts
